 Dungeon Crawl Stone Soup version 0.31-a0-202-g547052bce9 (webtiles) character file.

Game seed: 16703739607324209251

271 qw the Skirmisher (level 6, -3/35 HPs)
             Began as a Deep Elf Hunter on June 26, 2023.
             Slain by an orc
             ... wielding a +0 hand axe
              (5 damage)
             ... on level 4 of the Dungeon.
             The game lasted 00:00:50 (2402 turns).

qw the Skirmisher (Deep Elf Hunter)                 Turns: 2402, Time: 00:00:50

Health: -3/35      AC:  7    Str: 10    XL:     6   Next: 2%
Magic:  8/8        EV: 11    Int: 14    God:
Gold:   307        SH:  0    Dex: 18    Spells: 5/5 levels left

rFire   . . .        Y - +1 shortbow
rCold   . . .        (shield currently unavailable)
rNeg    . . .        f - +0 ring mail
rPois   .            (no helmet)
rElec   .            (no cloak)
rCorr   +            b - +0 pair of gloves
SInv    .            e - +0 pair of boots
Will    .....        (no amulet)
Stlth   +            l - ring of resist corrosion
HPRegen 0.25/turn    (no ring)
MPRegen 0.11/turn

%: no passive effects
@: about to teleport
A: no striking features
a: no special abilities


You were on level 4 of the Dungeon.
You visited 1 branch of the dungeon, and saw 6 of its levels.

You collected 307 gold pieces.


   Skills:
 - Level 2.1 Fighting
 - Level 9.3 Ranged Weapons
 + Level 0.1 Armour
 - Level 2.4 Dodging
 - Level 1.2 Stealth


You had 5 spell levels left.
You didn't know any spells.
Your spell library was empty.

Inventory:

Hand Weapons
 Y - a +1 shortbow (weapon)
Armour
 b - a +0 pair of gloves (worn)
 e - a +0 pair of boots (worn)
 f - a +0 ring mail (worn)
Jewellery
 d - a ring of ice
 l - a ring of resist corrosion (left hand)
Scrolls
 h - a scroll of identify
Potions
 c - a potion of heal wounds
 g - a potion of enlightenment {unknown}
 k - a potion of curing {unknown}

Dungeon Overview and Level Annotations

Branches:
Dungeon (6/15)             Temple (0/1) D:4

Altars:
Ashenzari
Elyvilon
Fedhas
Sif Muna


Message History

The kobold brigand is moderately wounded.
You feel sick.
The kobold brigand hits you but does no damage.
You shoot an arrow. The arrow hits the kobold brigand!
The kobold brigand is severely wounded.
You feel sick.
The kobold brigand hits you but does no damage.
You shoot an arrow.
The arrow closely misses the kobold brigand.
You feel sick. The kobold brigand closely misses you.
The orc closely misses you. The orc hits you but does no damage.
The orc throws a boomerang.
The boomerang hits you.
You shoot an arrow. The arrow hits the kobold brigand.
The kobold brigand is almost dead.
You feel sick. The kobold brigand barely misses you.
The orc throws a boomerang.
The boomerang closely misses you. The orc barely misses you.
The orc hits you but does no damage.
You shoot an arrow. The arrow hits the kobold brigand.
The kobold brigand is almost dead.
You feel sick.
You are no longer poisoned.
The kobold brigand barely misses you. The orc hits you but does no damage.
The orc throws a boomerang.
The boomerang barely misses you. The orc hits you but does no damage.
You shoot an arrow.
The arrow hits the kobold brigand but does no damage.
The kobold brigand is almost dead.
The kobold brigand hits you with a +0 short sword.
The orc hits you but does no damage.
The orc throws a boomerang.
The boomerang hits you. The orc hits you but does no damage.
You shoot an arrow.
The arrow completely misses the kobold brigand.
The kobold brigand hits you with a +0 short sword!
The orc barely misses you. The orc hits you but does no damage.
2402 ||| READING scroll of teleportation.
As you read the scroll of teleportation, it crumbles to dust.
You feel strangely unstable.
The kobold brigand hits you with a +0 short sword.
The orc hits you with a +0 hand axe.
You die...

###...###..~.#
...#####..~.# #
##.........~.#.# ##.
#.###.....~..... .
...#..####...~~~~~~
#.##.##.###..........
.........##..........
............#........
..}...o@.#####.....%.
......ooK# .......
....>)..... ##....
.........#.# #..#
..}...}..#... ##
.......... ..#
.........# ..#
#.##.##.## .##


You could see a kobold brigand and 3 orcs.

Vanquished Creatures
  Sigmund (D:3)
  Jessica (D:3)
  2 adders
  A shadow imp (D:6)
  A worm (D:3)
  3 dart slugs
  An orc (D:4)
  4 bats
  6 endoplasms
  5 giant cockroaches
  2 goblins
  A hobgoblin (D:3)
  3 jackals (D:3)
  4 quokkas
  2 ball pythons
  4 frilled lizards
  5 kobolds
  3 rats
49 creatures vanquished.

Vanquished Creatures (others)
  A butterfly (D:3)
1 creature vanquished.

Grand Total: 50 creatures vanquished

Notes
Turn   | Place    | Note
-------+----------+-------------------------------------------
     0 | D:1      | qw the Deep Elf Hunter began the quest for the Orb.
     0 | D:1      | Reached XP level 1. HP: 12/12 MP: 3/3
     0 | D:1      | 0 ||| qw: Version: 0.3-a-22-g0ed2b0b
     0 | D:1      | 0 ||| qw: Game counter: 6056
     0 | D:1      | 0 ||| qw: Melee chars always use a shield: true
     0 | D:1      | 0 ||| qw: God list: Okawaru
     0 | D:1      | 0 ||| qw: Allow faded altars: false
     0 | D:1      | 0 ||| qw: Do Orc after clearing Dungeon:15 true
     0 | D:1      | 0 ||| qw: Do second Lair branch before Depths: true
     0 | D:1      | 0 ||| qw: Lair rune preference: random
     0 | D:1      | 0 ||| qw: Goals: Normal
     0 | D:1      | 0 ||| PLANNING D:1-11
   199 | D:1      | Found a faded altar of an unknown god.
   246 | D:1      | Reached skill level 6 in Ranged Weapons
   246 | D:1      | Reached XP level 2. HP: 6/16 MP: 4/4
   492 | D:1      | 492 ||| UPGRADING to +0 ring mail.
   502 | D:1      | 502 ||| DROPPING +0 leather armour.
   503 | D:1      | 503 ||| READING scroll labelled NUEFOST HUKLA.
   504 | D:1      | 504 ||| READING scroll labelled LOPHOJ LYWOQI.
   505 | D:1      | 505 ||| READING scroll labelled ADDYEKH LAUP.
   510 | D:1      | 510 ||| READING scroll labelled OPRENG ATATOV.
   511 | D:1      | 511 ||| DROPPING scroll of butterflies.
   774 | D:2      | Reached XP level 3. HP: 20/20 MP: 5/5
   907 | D:2      | Found a blossoming altar of Fedhas.
  1052 | D:2      | 1052 ||| UPGRADING to +0 pair of gloves.
  1057 | D:2      | 1057 ||| READING scroll labelled OSIHEI YNLUOT.
  1094 | D:3      | Reached skill level 7 in Ranged Weapons
  1287 | D:3      | Noticed Sigmund
  1296 | D:3      | Killed Sigmund
  1297 | D:3      | Reached skill level 9 in Ranged Weapons
  1297 | D:3      | Reached XP level 4. HP: 25/25 MP: 6/6
  1297 | D:3      | Reached XP level 5. HP: 29/29 MP: 7/7
  1435 | D:3      | Found a white marble altar of Elyvilon.
  1441 | D:3      | Noticed Jessica
  1444 | D:3      | Killed Jessica
  1601 | D:3      | Found a broken altar of Ashenzari.
  2109 | D:3      | You fall into a shaft and drop 3 floors!
  2109 | D:6      | Found a shimmering blue altar of Sif Muna.
  2122 | D:6      | Reached XP level 6. HP: 24/35 MP: 8/8
  2228 | D:6      | 2228 ||| UPGRADING to +0 pair of boots.
  2233 | D:6      | 2233 ||| UPGRADING to ring of resist corrosion.
  2234 | D:6      | 2234 ||| READING scroll labelled EPNAES OQUA.
  2235 | D:6      | 2235 ||| READING scroll labelled WOT QAHEAMA.
  2236 | D:6      | 2236 ||| READING scroll labelled WERUNO JICIQE.
  2237 | D:6      | 2237 ||| DRINKING 2 fizzy clear potions.
  2238 | D:6      | 2238 ||| READING 2 scrolls of identify.
  2238 | D:6      | 2238 ||| IDENTIFYING bubbling sapphire potion
  2239 | D:6      | 2239 ||| DROPPING potion of attraction.
  2241 | D:6      | 2241 ||| Stepping ~*~*~tactically~*~*~ (cloud).
  2353 | D:5      | Entered Level 5 of the Dungeon
  2382 | D:4      | Found a staircase to the Ecumenical Temple.
  2383 | D:4      | 2383 ||| PLANNING TEMPLE
  2401 | D:4      | HP: 4/35 [kobold brigand/+0 short sword (7)]
  2402 | D:4      | 2402 ||| READING scroll of teleportation.
  2402 | D:4      | Slain by an orc

Levels and vault maps discovered:
D:1:      mrwooster_arrival_arrow, layout_rooms,
          hellmonk_ecumenical_altar_lost_god
D:2:      layout_loops_ring, basic_altar
D:3:      layout_loops_ring, lemuel_coloured_pillars_altar,
          nicolae_elyvilon_peaceful_grove, serial_bayou, serial_bayou_lake_a,
          serial_bayou_pond_e, serial_bayou_crossing, serial_bayou_ford_a,
          hangedman_abyss_or_decor_stabs, grunt_decor_cap, uniq_jessica,
          uniq_sigmund
D:4:      layout_cave_pods, makhleb_blood_cavern_becter,
          nicolae_yredelemnul_corpse_copse, lemuel_tele_altar,
          mainiacjoe_overflow_brackets, minmay_temple_entry_large_hall,
          serial_shops, nicolae_shop_back_alley_shop
D:5:      layout_gridville
D:6:      layout_basic, lemuel_round_altar, st_stairs_12

Skill      XL: |  1  2  3  4  5 |
---------------+----------------+-----
Ranged Weapons | 6 9 |  9.3
Fighting       | 2 |  2.1
Armour         | |  0.1
Dodging        | |  2.4
Stealth        | |  1.2

Action                     |  1- 3 |  4- 6 || total
---------------------------+-------+-------++-------
   Fire: Shortbow          |    88 |    68 ||   156
    Use: Scroll            |     5 |     5 ||    10
         Potion            |       |     1 ||     1
 Armour: Ring mail         |    10 |    13 ||    23
         Leather armour    |     1 |       ||     1
  Dodge: Dodged            |    15 |    23 ||    38

Table legend:
 A = Non-vault XP
 B = Vault XP
 C = Vault XP percentage of total XP
 D = Non-vault monster count
 E = Vault monster count
 F = Vault count percentage of total count
                 A         B        C        D         E       F
            +---------+---------+-------+---------+---------+-------
      Total |     125 |     263 |  67.8 |      47 |       2 |   4.1
            +---------+---------+-------+---------+---------+-------
        D:1 |      21 |       0 |   0.0 |      11 |       0 |   0.0
        D:2 |      37 |       0 |   0.0 |      14 |       0 |   0.0
        D:3 |      49 |     263 |  84.3 |      18 |       2 |  10.0
        D:4 |       7 |       0 |   0.0 |       3 |       0 |   0.0
        D:6 |      11 |       0 |   0.0 |       1 |       0 |   0.0
            +---------+---------+-------+---------+---------+-------
